 Dungeon Crawl Stone Soup version 0.29-a0-557-g43b9904bd1 (webtiles) character file.

Game seed: 14714297200833401175

995 croobank the Covert (level 8, -5/67 HPs)
             Began as a Gnoll Delver on June 9, 2022.
             Was an Initiate of Gozag.
             Slain by a troll (13 damage)
             ... on level 6 of the Dungeon.
             The game lasted 00:21:31 (5640 turns).

croobank the Covert (Gnoll Delver)                  Turns: 5640, Time: 00:21:31

Health: -5/67      AC:  3    Str:  9 (10) XL:     8   Next: 19%
Magic:  9/12       EV: 14    Int: 16 (19) God:    Gozag
Gold:   295        SH:  0    Dex: 19 (20) Spells: 5/13 levels left

rFire   . . .      SeeInvis .   i - +0 trident
rCold   + . .      Faith    .   (no shield)
rNeg    + . .      Spirit   .   C - +0 leather armour
rPois   .          Reflect  .   (no helmet)
rElec   .          Harm     .   (no cloak)
rCorr   .          Rampage  .   (no gloves)
Will    +....                   (no boots)
Stlth   ++++......              (no amulet)
HPRegen 0.21/turn               y - ring of protection from cold
MPRegen 0.13/turn               A - ring "Geohiada" {rN+ Will+ Str-2 Int+8 Dex+6}

@: lethally poisoned (-5 -> -24)
A: fangs 1, strong nose, distributed training
a: Renounce Religion, Potion Petition, Call Merchant, Bribe Branch


You were on level 6 of the Dungeon.
You worshipped Gozag.
Gozag was aware of your devotion.
You visited 2 branches of the dungeon, and saw 7 of its levels.

You collected 395 gold pieces.
You paid 100 gold pieces to Gozag.

Inventory:

Hand Weapons
 a - a +0 hand axe
 b - a +0 hunting sling
 i - a +0 trident (weapon)
 n - a +0 mace
 o - a +0 dagger
 r - a +0 falchion of flaming
 B - a +0 long sword
Missiles
 q - 5 javelins
 t - 98 stones (quivered)
 u - 5 poisoned darts
Armour
 C - a +0 leather armour (worn)
Magical Staves
 E - a staff of earth
Jewellery
 y - a ring of protection from cold (left hand)
 A - the ring "Geohiada" (right hand) {rN+ Will+ Str-2 Int+8 Dex+6}
   (You found it on level 2 of the Dungeon)

   [ring of dexterity]

   Str:       It affects your strength (-2).
   Int:       It affects your intelligence (+8).
   Dex:       It affects your dexterity (+6).
   rN:        It protects you from negative energy.
   Will:      It increases your willpower.
 F - a ring of see invisible
Wands
 g - a wand of digging (1)
Scrolls
 c - a scroll of fog
 v - 2 scrolls of noise
 x - a scroll of magic mapping
Potions
 j - 2 potions of mutation
 k - a potion of degeneration
 l - a potion of flight
 p - a potion of resistance {unknown}
 w - 2 potions of berserk rage {unknown}
 D - 2 potions of might {unknown}


   Skills:
 + Level 7.2 Fighting
 + Level 3.0 Short Blades
 + Level 3.0 Long Blades
 + Level 5.5 Axes
 + Level 3.0 Maces & Flails
 + Level 3.0 Polearms
 + Level 3.0 Staves
 + Level 3.0 Slings
 + Level 3.0 Bows
 + Level 3.0 Crossbows
 + Level 3.0 Throwing
 + Level 3.0 Armour
 + Level 5.5 Dodging
 + Level 10.1 Stealth
 + Level 3.0 Shields
 + Level 3.0 Unarmed Combat
 + Level 3.0 Spellcasting
 + Level 2.4 Conjurations
 + Level 2.4 Hexes
 + Level 2.4 Summonings
 + Level 2.4 Necromancy
 + Level 2.4 Translocations
 + Level 2.4 Transmutations
 + Level 2.4 Fire Magic
 + Level 2.4 Ice Magic
 + Level 2.4 Air Magic
 + Level 2.4 Earth Magic
 + Level 2.4 Poison Magic
 + Level 3.3 Invocations
 + Level 3.0 Evocations


You had 5 spell levels left.
You knew the following spells:

 Your Spells              Type           Power      Damage    Failure   Level
a - Poisonous Vapours     Pois/Air       20%        N/A       14%         2
b - Mephitic Cloud        Conj/Pois/Air  10%        N/A       28%         3
c - Ignite Poison         Fire/Tmut/Pois 10%        N/A       28%         3

Your spell library contained the following spells:

 Spells                   Type           Power      Damage    Failure   Level
 Freezing Cloud           Conj/Ice/Air   5%         6-21      95%         5
 Corpse Rot               Necr/Pois/Air  Unusable   N/A       N/A         4

Dungeon Overview and Level Annotations

Branches:
Dungeon (6/15)             Temple (1/1) D:5

Altars:
Ashenzari
Cheibriados
Dithmenos
Elyvilon
Fedhas
Gozag
Hepliaklqana
Kikubaaqudgha
Makhleb
Nemelex Xobeh
Okawaru
Qazlal
Ru
Sif Muna
Trog
Uskayaw
Wu Jian
Xom
Yredelemnul
Zin
The Shining One

Shops:
D:5 :

Annotations:
D:5 Blork the orc, Grinder


Innate Abilities, Weirdness & Mutations

You have very sharp teeth.
Your uncanny sense of smell can sniff out nearby items.
Your experience applies equally to all skills.


Message History

Really read the scroll of poison?
The air fills with toxic fumes!
As you read the scroll of poison, it crumbles to dust.
The water moccasin closely misses you.
The water moccasin bites you but does no damage.
The troll barely misses you. The troll claws you. The troll claws you!
Okay, then.
Casting: Mephitic Cloud (dangerous; 28% risk of failure)
Confirm with . or Enter, or press ? or * to list all spells.
You ignite the poison in your surroundings!
The water moccasin bites you but does no damage.
The troll bites you! The troll barely misses you. The troll claws you.
You hit the troll.
The troll is lightly wounded.
The water moccasin bites you!
You are poisoned.
The water moccasin poisons you! The water moccasin closely misses you.
The troll bites you. The troll claws you. The troll claws you!
* * * LOW HITPOINT WARNING * * *
Okay, then.
Unknown command.
Okay, then.
Okay, then.
Okay, then.
Okay, then.
Okay, then.
Okay, then.
Okay, then.
Okay, then.
Aiming: Dig
Press: ? - help, Shift-Dir - straight line A rock wall.
The rock shatters into small pieces.
You feel very sick. The water moccasin bites you.
* * * LOW HITPOINT WARNING * * *
You are lethally poisoned!
The water moccasin poisons you! The troll misses you. The troll claws you!
You die...
Your body crumbles into a pile of gold. ∆○○○○○○○# °°○°

○○# #○○○○°○#○
#######○°#°°○○°
#○○°○○○°°°○°○○°
#○○○○°°°○○°○###
#°°°○°TS°○○°○°°
$ #@°# #.#°#
... ○# #.## ○○∆
... °○○ #.#


○°○° #.# ○°○○○ .# ○°○°°○ You could see a troll and a water moccasin.

Vanquished Creatures
  Eustachio (D:5)
  A black bear (D:5)
  An ogre (D:4)
  A phantom (D:4)
  3 necrophages
  A scorpion (D:4)
  2 jellies
  A hound (D:5)
  3 iguanas (D:5)
  7 adders
  3 gnolls (D:4)
  4 worms
  2 dart slugs (D:2)
  11 orcs
  3 ball pythons
  4 bats
  6 endoplasms
  3 goblins
  4 hobgoblins (D:4)
  3 jackals (D:3)
  4 kobolds
  3 quokkas
  2 frilled lizards
  4 rats
77 creatures vanquished.

Vanquished Creatures (others)
  A plant (D:1)
1 creature vanquished.

Grand Total: 78 creatures vanquished

Notes
Turn   | Place    | Note
-------+----------+-------------------------------------------
     0 | D:5      | Reached skill level 9 in Stealth
     0 | D:5      | croobank the Gnoll Delver began the quest for the Orb.
     0 | D:5      | Reached XP level 1. HP: 23/23 MP: 1/1
    11 | D:5      | Noticed Grinder
    24 | D:5      | Found a staircase to the Ecumenical Temple.
    33 | Temple   | Entered the Ecumenical Temple
   209 | D:5      | Noticed Blork the orc
   254 | D:5      | Noticed a hound
   263 | D:5      | Noticed an iguana
   291 | D:4      | Noticed a scorpion
   300 | D:4      | Noticed a necrophage
   361 | D:3      | Reached XP level 2. HP: 29/29 MP: 2/2
   660 | D:1      | Found a faded altar of an unknown god.
   804 | D:1      | Reached XP level 3. HP: 35/35 MP: 3/3
  1364 | D:2      | Reached skill level 1 in Invocations
  1400 | D:2      | Reached skill level 1 in Short Blades
  1400 | D:2      | Reached skill level 1 in Long Blades
  1400 | D:2      | Reached skill level 1 in Maces & Flails
  1400 | D:2      | Reached skill level 1 in Polearms
  1400 | D:2      | Reached skill level 1 in Staves
  1400 | D:2      | Reached skill level 1 in Slings
  1400 | D:2      | Reached skill level 1 in Bows
  1400 | D:2      | Reached skill level 1 in Crossbows
  1400 | D:2      | Reached skill level 1 in Throwing
  1400 | D:2      | Reached skill level 1 in Armour
  1400 | D:2      | Reached skill level 1 in Shields
  1400 | D:2      | Reached skill level 1 in Unarmed Combat
  1400 | D:2      | Reached skill level 1 in Spellcasting
  1400 | D:2      | Reached skill level 1 in Evocations
  1403 | D:2      | Identified the ring "Geohiada" {rN+ Will+ Str-2 Int+8
                  | Dex+6}
  1887 | D:2      | Reached XP level 4. HP: 37/41 MP: 5/5
  1964 | D:2      | Learned a level 2 spell: Poisonous Vapours
  2663 | D:3      | Reached skill level 1 in Conjurations
  2663 | D:3      | Reached skill level 1 in Hexes
  2663 | D:3      | Reached skill level 1 in Summonings
  2663 | D:3      | Reached skill level 1 in Necromancy
  2663 | D:3      | Reached skill level 1 in Translocations
  2663 | D:3      | Reached skill level 1 in Transmutations
  2663 | D:3      | Reached skill level 1 in Fire Magic
  2663 | D:3      | Reached skill level 1 in Ice Magic
  2663 | D:3      | Reached skill level 1 in Air Magic
  2663 | D:3      | Reached skill level 1 in Earth Magic
  2663 | D:3      | Reached skill level 1 in Poison Magic
  3039 | D:4      | Noticed an ogre
  3082 | D:4      | Found a sacrificial altar of Ru.
  3171 | D:4      | Killed a necrophage
  3172 | D:4      | Reached XP level 5. HP: 47/47 MP: 5/7
  3212 | D:4      | Killed an ogre
  3213 | D:4      | Reached XP level 6. HP: 31/53 MP: 8/8
  3474 | D:4      | Reached skill level 5 in Axes
  3474 | D:4      | Reached skill level 5 in Dodging
  3871 | D:4      | Found a shimmering blue altar of Sif Muna.
  4160 | D:4      | Learned a level 3 spell: Mephitic Cloud
  4183 | D:4      | Reached XP level 7. HP: 56/59 MP: 3/10
  4347 | D:5      | Found an ancient bone altar of Kikubaaqudgha.
  4496 | D:5      | Learned a level 3 spell: Ignite Poison
  4972 | Temple   | Became a worshipper of Gozag Ym Sagoz the Greedy
  5003 | D:5      | Found Icworr's Book Boutique.
  5155 | D:5      | Reached skill level 10 in Stealth
  5347 | D:5      | Found a blossoming altar of Fedhas.
  5363 | D:5      | Reached XP level 8. HP: 67/67 MP: 12/12
  5367 | D:5      | Noticed Eustachio
  5375 | D:5      | Killed Eustachio
  5542 | D:6      | Noticed a troll
  5640 | D:6      | Slain by a troll

Illustrated notes

Levels and vault maps discovered:
D:1:      sevenhm_arrival_forest_fort_large_2, layout_rooms,
          dreamdust_ecumenical_altar_hidden_monk_grotto
D:2:      layout_loops_ring
D:3:      layout_basic, kennysheep_cross_room, minmay_cupped
D:4:      layout_rooms, lemuel_coloured_pillars_altar,
          mainiacjoe_overflow_catwalk
D:5:      layout_gridville, kiku_gazebo_pond_becter, okawaru_gym_becter,
          mainiacjoe_overflow_tiny_flanked,
          minmay_temple_entry_drinking_statues, serial_shops,
          nicolae_stop_n_shop_1, uniq_grinder, uniq_eustachio,
          uniq_blork_the_orc
D:6:      layout_basic, serial_shops, shop, nicolae_shop_trees, shop_fountains
Temple:   eino_temple_scatter_basement

Skill      XL: |  1  2  3  4  5  6  7  8 |
---------------+-------------------------+-----
Stealth        | 10 | 10.1
Invocations    | 1 2 3 |  3.3
Short Blades   | 1 2 3 |  3.0
Long Blades    | 1 2 3 |  3.0
Maces & Flails | 1 2 3 |  3.0
Polearms       | 1 2 3 |  3.0
Staves         | 1 2 3 |  3.0
Slings         | 1 2 3 |  3.0
Bows           | 1 2 3 |  3.0
Crossbows      | 1 2 3 |  3.0
Throwing       | 1 2 3 |  3.0
Armour         | 1 2 3 |  3.0
Shields        | 1 2 3 |  3.0
Unarmed Combat | 1 2 3 |  3.0
Spellcasting   | 1 2 3 |  3.0
Evocations     | 1 2 3 |  3.0
Conjurations   | 1 2 |  2.4
Hexes          | 1 2 |  2.4
Summonings     | 1 2 |  2.4
Necromancy     | 1 2 |  2.4
Translocations | 1 2 |  2.4
Transmutations | 1 2 |  2.4
Fire Magic     | 1 2 |  2.4
Ice Magic      | 1 2 |  2.4
Air Magic      | 1 2 |  2.4
Earth Magic    | 1 2 |  2.4
Poison Magic   | 1 2 |  2.4
Axes           | 5 |  5.5
Dodging        | 5 |  5.5
Fighting       | 7 |  7.2

Action                   |  1- 3 |  4- 6 |  7- 9 || total
-------------------------+-------+-------+-------++-------
Melee: Hand axe          |    28 |       |       ||    28
       Bite              |     6 |    13 |     9 ||    28
       Dagger            |    18 |       |     2 ||    20
       Falchion          |    20 |    48 |       ||    68
       Punch             |     1 |     2 |     5 ||     8
       Trident           |       |    79 |    77 ||   156
Throw: Throwing net      |       |     1 |       ||     1
 Cast: Poisonous Vapours |       |    13 |    10 ||    23
       Mephitic Cloud    |       |       |     3 ||     3
       Ignite Poison     |       |       |     3 ||     3
Evoke: Wand              |     1 |       |     1 ||     2
  Use: Scroll            |     3 |     1 |     8 ||    12
       Potion            |     1 |     4 |     5 ||    10
 Stab: Sleeping          |    15 |     4 |     2 ||    21
       Distracted        |       |     1 |       ||     1
       Confused          |       |       |     1 ||     1
Armor: Leather armour    |    11 |    20 |     6 ||    37
       Skin              |       |     7 |    14 ||    21
Dodge: Dodged            |    33 |    92 |    54 ||   179

Table legend: (Time is in decaauts)
 A = Elapsed time spent in this place.
 B = Non-inter-level travel time spent in this place.
 C = Inter-level travel time spent in this place.
 D = Time resting spent in this place.
 E = Time spent auto-exploring this place.
 F = Levels seen in this place.
 G = Mean time per level.
                   A        B        C        D        E       F      G
               +--------+--------+--------+--------+--------+-----+--------+
         Total |   5671 |   5499 |    172 |   1159 |   3015 |   7 |  810.1 |
       Dungeon |   5484 |   5332 |    152 |   1159 |   2878 |   6 |  914.0 |
        Temple |    187 |    167 |     20 |      0 |    137 |   1 |  187.0 |
               +--------+--------+--------+--------+--------+-----+--------+

Top non-repeatable levels by time:
     D:4: 1555 daAuts
     D:5: 1176 daAuts
     D:2: 1129 daAuts
     D:3: 1054 daAuts
     D:1: 553 daAuts
  Temple: 187 daAuts
     D:6: 14 daAuts
